 Dungeon Crawl Stone Soup version 0.27-a0-249-g74f53ef629 (webtiles) character file.

Game seed: 5812032340581605455

16 Klosterheim the Insei (level 2, 16/16 HPs)
             Began as a Kobold Transmuter on Feb 3, 2021.
             Quit the game on level 2 of the Dungeon.
             The game lasted 00:02:02 (1249 turns).

Klosterheim the Insei (Kobold Transmuter)           Turns: 1249, Time: 00:02:02

Health: 16/16      AC:  2    Str:  7    XL:     2   Next: 70%
Magic:  5/5        EV: 15    Int: 14    God:
Gold:   35         SH:  0    Dex: 15    Spells: 5/6 levels left

rFire    . . .     SeeInvis .     - Unarmed
rCold    . . .     Faith    .   (shield restricted)
rNeg     . . .     Spirit   .   a - +0 robe
rPois    .         Reflect  .   (no helmet)
rElec    .         Harm     .   (no cloak)
rCorr    .         Rampage  .   (no gloves)
Will     .....                  (no boots)
Stlth    ++........             (no amulet)
HPRegen  0.05/turn              (no ring)
MPRegen  0.09/turn              (no ring)

@: no status effects
A: small, nightstalker 3
a: no special abilities


You were on level 2 of the Dungeon.
You visited 1 branch of the dungeon, and saw 2 of its levels.

You collected 35 gold pieces.

Inventory:

Armour
 a - a +0 robe (worn)
Scrolls
 b - a scroll of fog {unknown}
 c - a scroll of blinking {unknown}
 e - 2 scrolls of random uselessness {unknown}
Potions
 d - a potion of cancellation {unknown}
 f - a potion of brilliance {unknown}
 g - a potion of curing {unknown}


   Skills:
 * Level 1.5 Fighting
 * Level 2.6 Dodging
 + Level 3.1 Unarmed Combat
 * Level 2.5 Spellcasting
 + Level 2.2 Transmutations


You had 5 spell levels left.
You knew the following spells:

 Your Spells              Type           Power        Failure   Level
a - Beastly Appendage     Tmut           14%          9%          1

Your spell library contained the following spells:

 Spells                   Type           Power        Failure   Level
 Wereblood                Tmut           7%           14%         2
 Spider Form              Tmut/Pois      2%           41%         3
 Ice Form                 Ice/Tmut       4%           82%         4
 Blade Hands              Tmut           3%           94%         5


Dungeon Overview and Level Annotations

Branches:
Dungeon (2/15)

Altars:


Innate Abilities, Weirdness & Mutations

You are small and have problems with some larger weapons.
You are completely attuned to the shadows.


Message History

No target in view!
No target in view!
No target in view!
No target in view!
No target in view!
No target in view!
No target in view!
No target in view!
No target in view!
Your horns disappear.
Your talons disappear.
You now have 35 gold pieces (gained 10).
g - a sapphire potion You see here a +0 club.
Done exploring.
Done exploring.
There is a stone staircase leading down here.
You climb downwards.
There is a stone staircase leading up here.
Okay, then.
Are you sure you want to abandon this character and quit the game? (Confirm with "yes".)

... ..#
.###.#
.....##.#
#@....
####.#


There were no monsters in sight!

Vanquished Creatures
  A giant cockroach (D:1)
  A goblin (D:1)
  4 hobgoblins (D:1)
  4 bats (D:1)
  2 frilled lizards (D:1)
  5 rats (D:1)
17 creatures vanquished.

Notes
Turn   | Place    | Note
-------+----------+-------------------------------------------
     0 | D:1      | Klosterheim the Kobold Transmuter began the quest for the
                  | Orb.
     0 | D:1      | Reached XP level 1. HP: 12/12 MP: 3/3
   550 | D:1      | Reached XP level 2. HP: 16/16 MP: 5/5
  1249 | D:2      | Quit the game

Illustrated notes

Levels and vault maps discovered:
D:1:      lemuel_arrival_funnel, layout_loops_ring, st_stairs_8,
          minmay_door_square, hangedman_abyss_or_decor_lesser_grid
D:2:      layout_basic, uniq_crazy_yiuf_cottage

Action                   || total
-------------------------++-------
Melee: Unarmed           ||    50
       Kick              ||     7
       Headbutt          ||     5
 Cast: Beastly Appendage ||    12
 Stab: Sleeping          ||     2
Armor: Robe              ||    11
Dodge: Dodged            ||    39

Table legend: (Time is in decaauts)
 A = Elapsed time spent in this place.
 B = Non-inter-level travel time spent in this place.
 C = Inter-level travel time spent in this place.
 D = Time resting spent in this place.
 E = Time spent auto-exploring this place.
 F = Levels seen in this place.
 G = Mean time per level.
                   A        B        C        D        E       F      G
               +--------+--------+--------+--------+--------+-----+--------+
         Total |   1246 |   1215 |     31 |    343 |    744 |   2 |  623.0 |
       Dungeon |   1246 |   1215 |     31 |    343 |    744 |   2 |  623.0 |
               +--------+--------+--------+--------+--------+-----+--------+

Top non-repeatable levels by time:
     D:1: 1245 daAuts
     D:2: 0 daAuts
